Map: Ulrena

Players

Kelazhur

  • Race: Terran Terran
  • League: Master

LiquidSnute (Snute) - Winner!

  • Race: Zerg Zerg
  • League: Grandmaster

Event: DreamHack ZOWIE Open Leipzig

VOD

Have the link to the VOD?

Description

Time

  • Played on: Jan. 22, 2016, 10:49 a.m.
  • Length: 6:39

All games in this series

Show
View Real Time Build Order
Export as new Build Order

Kelazhur Terran 

Build Orders:  

Get SALT Encoding   

  12  0:00  SCV  
  13  0:13  Supply Depot  
  13  0:36  Barracks  
  13  0:44  Barracks  
  13  0:59  Barracks  
  13  1:03  SCV  
  14  1:15  SCV  
  15  1:23  Marine  
  16  1:38  Bunker  
  16  1:40  Marine  
  16  1:41  Marine  
  16  1:46  Marine  
  19  1:55  Orbital Command  
  19  1:58  Marine  
  20  2:03  Marine  
  21  2:08  Supply Depot  
  21  2:13  Marine  
  22  2:17  Marine  
  23  2:29  Marine  
  23  2:31  Marine  
  23  2:33  Supply Depot  
  23  2:35  Marine  
  26  2:40  SCV  
  27  2:47  Marine  
  27  2:52  SCV  
  27  2:55  Marine x2  
  29  3:05  Marine  
  29  3:07  SCV  
  29  3:19  SCV  
  23  3:20  Marine  
  23  3:21  Marine  
  26  3:31  SCV  
  23  3:36  Bunker  
  23  3:38  Marine x2  
  25  3:43  SCV, Marine  
  27  3:55  SCV  
  28  3:56  Marine x2  
  28  4:01  Marine  
  28  4:02  Command Center  
  30  4:07  SCV  
  30  4:31  Barracks x2  
  30  4:32  Barracks  
  30  4:36  SCV  
  31  4:48  SCV  
  32  5:03  Supply Depot  
  32  5:11  Supply Depot  
  32  5:13  Marine  
  30  5:15  Orbital Command  
  30  5:24  Marine x3  
  30  5:25  SCV  
  34  5:31  Marine  
  33  5:42  Marine x3  
  24  6:00  SCV, Marine x2  
  19  6:05  SCV  
  19  6:07  Marine  
  18  6:13  SCV  
  18  6:18  SCV, Marine x2  
  17  6:25  SCV  
Show
View Real Time Build Order
Export as new Build Order

LiquidSnute Zerg - Winner!

Build Orders: Hatch First 

Get SALT Encoding   

  12  0:00  Drone  
  13  0:12  Overlord  
  13  0:17  Drone  
  14  0:30  Drone x2  
  14  0:34  Drone  
  17  0:52  Hatchery  
  17  0:55  Drone  
  17  1:09  Spawning Pool  
  16  1:12  Drone  
  16  1:15  Extractor  
  16  1:17  Drone  
  17  1:20  Drone  
  18  1:28  Drone  
  19  1:38  Overlord  
  19  1:56  Queen  
  19  1:58  Zergling x2  
  19  2:00  Zergling x2  
  23  2:07  Roach Warren  
  22  2:13  Zergling x2  
  23  2:21  Zergling x2  
  24  2:32  Overlord, Queen  
  26  2:47  Roach  
  26  2:50  Roach  
  26  2:51  Roach x2  
  33  2:54  Roach  
  29  3:19  Overlord  
  29  3:26  Overlord  
  27  3:38  Ravager  
  28  3:44  Roach  
  28  3:45  Drone x2  
  28  3:47  Extractor  
  32  3:55  Drone  
  32  3:57  Roach  
  34  4:10  Roach x2  
  34  4:12  Overlord  
  38  4:21  Overlord  
  38  4:33  Ravager  
  38  4:34  Roach  
  38  4:37  Roach  
  43  4:53  Ravager  
  44  5:04  Ravager  
  45  5:08  Hatchery  
  45  5:12  Roach  
  46  5:15  Roach  
  46  5:25  Roach  
  46  5:34  Ravager  
  47  5:39  Roach x2  
  51  5:47  Roach  
  48  5:58  Roach x2  
  46  6:05  Roach  
  46  6:10  Roach  
  50  6:26  Ravager  

Tags
 
Add a new tag
Caveats
  • Supply blocks, unpowered buildings, or Contaminate may cause inaccurate times.
  • Supply counts are checked every 10 seconds.